 Dungeon Crawl Stone Soup version 0.19.1-1-g22dce08 (webtiles) character file.

417 zhar the Covert (level 6, 0/41 HPs)
             Began as a Vampire Necromancer on Jan 19, 2017.
             Was a Follower of Kikubaaqudgha.
             Slain by a worker ant (4 damage)
             ... on level 5 of the Dungeon.
             The game lasted 00:42:28 (9882 turns).

zhar the Covert (Vampire Necromancer)               Turns: 9882, Time: 00:42:29

Health: 0/41       AC:  2    Str:  7    XL:     6   Next: 61%
Magic:  5/9        EV: 13    Int: 20    God:    Kikubaaqudgha [*.....]
Gold:   272        SH:  0    Dex: 14    Spells: 1 memorised, 8 levels left

rFire  . . .     SeeInvis +     f - +0 dagger
rCold  + . .     Gourm    .     a - +0 robe
rNeg   + + .     Faith    +     (no shield)
rPois  +         Spirit   .     (no helmet)
rElec  .         Reflect  .     (no cloak)
rCorr  .         Harm     .     (no gloves)
MR     .....                    (no boots)
Stlth  +++++.....               x - amulet of faith
                                (no ring)
                                (no ring)

@: lethally poisoned (0 -> -5), regenerating slowly
A: fangs 3, see invisible, unbreathing
a: Bat Form, Receive Corpses, Renounce Religion


You were on level 5 of the Dungeon.
You worshipped Kikubaaqudgha.
Kikubaaqudgha was aware of your devotion.
You were thirsty.

You visited 1 branch of the dungeon, and saw 5 of its levels.

You collected 272 gold pieces.

Inventory:

Hand Weapons
 f - a +0 dagger (weapon)
 g - a +0 whip of venom
 n - a +0 dagger
 z - the +5 spear of the Desert {freeze, rF+, unknown}
   (You found it on level 4 of the Dungeon)

   It has been specially enchanted to freeze those struck by it, causing extra
   injury to most foes and up to half again as much damage against particularly
   susceptible opponents.
   It can also slow down cold-blooded creatures.
   It protects you from fire.
Armour
 a - a +0 robe (worn)
 i - a +1 helmet
 k - a +0 robe
Jewellery
 w - an uncursed ring of fire
 x - an amulet of faith (around neck)
Wands
 p - a wand of random effects (15/48)
Scrolls
 m - 4 scrolls of remove curse {unknown}
 o - 2 scrolls of recharging {unknown}
 q - 3 scrolls of magic mapping {unknown}
 s - a scroll of blinking {unknown}
 t - 3 scrolls of enchant weapon {unknown}
 u - a scroll of noise {unknown}
 A - a scroll of identify
Potions
 c - 2 potions of blood
 d - 3 potions of degeneration {unknown}
 e - 2 potions of heal wounds {unknown}
 h - a potion of invisibility {unknown}
 j - a potion of beneficial mutation {unknown}
 l - a potion of magic {unknown}
 r - 4 potions of curing {unknown}
Books
 b - a book of Necromancy

   Spells                             Type                      Level
   a - Pain                           Necromancy                   1
   b - Animate Skeleton               Necromancy                   1
   c - Vampiric Draining              Necromancy                   3
   d - Regeneration                   Charms/Necromancy            3
   e - Animate Dead                   Necromancy                   4
   f - Control Undead                 Necromancy                   4
 y - Kikubaaqudgha's Compendium of Black Magic
   (Kikubaaqudgha gifted it to you on level 4 of the Dungeon)

   Spells                             Type                      Level
   a - Animate Skeleton               Necromancy                   1
   b - Corpse Rot                     Necromancy                   2
   c - Sublimation of Blood           Necromancy                   2
   d - Vampiric Draining              Necromancy                   3
   e - Control Undead                 Necromancy                   4
 B - a book of Changes

   Spells                             Type                      Level
   a - Beastly Appendage              Transmutation                1
   b - Sticks to Snakes               Transmutation                2
   c - Spider Form                    Transmutation/Poison         3
   d - Ice Form                       Ice/Transmutation            4
   e - Blade Hands                    Transmutation                5
Comestibles
 v - 3 fruits


   Skills:
 * Level 4.7 Short Blades
 - Level 3.1 Dodging
 - Level 8.0 Stealth
 - Level 2.0 Spellcasting
 - Level 4.3 Necromancy


You had 8 spell levels left.
You knew the following spells:

 Your Spells              Type           Power        Failure   Level  Hunger
a - Pain                  Necr           ###.         2%          1    #......


Dungeon Overview and Level Annotations

Branches:
Dungeon (5/15)             Temple (0/1) D:5

Altars:
Hepliaklqana
Kikubaaqudgha
Uskayaw
Vehumet
Yredelemnul
The Shining One

Shops:
D:5 *

Annotations:
D:3 kraktruk's ghost, amateur DECj
D:5 Blork the orc


Innate Abilities, Weirdness & Mutations

You heal slowly.
You have razor-sharp teeth.
You have supernaturally acute eyesight. (SInv)
You can survive without breathing.


Message History

Press: ? - help, Shift-Dir - straight line, f/p - worker ant
Aim: a worker ant (severely wounded, chance to defeat MR: 84%)
The worker ant writhes in agony!
The worker ant closely misses you.
Casting: Pain
Confirm with . or Enter, or press ? or * to list all spells.
Aiming: Pain
Press: ? - help, Shift-Dir - straight line, f/p - worker ant
Aim: a worker ant (severely wounded, chance to defeat MR: 84%)
The worker ant barely resists.
You feel sick. The worker ant bites you.
* * * LOW HITPOINT WARNING * * *
You closely miss the worker ant.
The worker ant is severely wounded.
The worker ant closely misses you.
You feel sick. The worker ant bites you.
* * * LOW HITPOINT WARNING * * *
There is a stone staircase leading up here.
The worker ant bites you.
You die...
Kikubaaqudgha rasps: "You have failed me!
Welcome... oblivion!"

#..#.##.#####.##.#####
#..#.# ...##.##.#
#..#.####...#.##.#
#............. #.#
##.#.####...# #.#
##.#.#####.## #.#
#.......#<..####.#
#.#####.#.#.a....# #.#
#.#...@....# #.#
#...#####.## #.# #.###
#.# #.# #.#####.# #.#
#.#
#.Y.....#######.#######
#.#
####.........5....[...#
#.#
#####........#####.#
#.# #.######## #.# #.#
#.# ########.####.##


You could see a worker ant.

Vanquished Creatures
  An ice beast (D:5)
  2 scorpions
  2 iguanas (D:4)
  Robin (D:4)
  3 gnolls (D:4)
  An adder (D:3)
  An ooze (D:2)
  4 worms
  4 dart slugs
  3 leopard geckos
  An orc (D:3)
  4 bats
  5 giant cockroaches
  18 goblins
  11 hobgoblins
  8 jackals
  9 kobolds
  A quokka (D:2)
  A ball python (D:2)
  19 frilled lizards
  A leopard gecko skeleton (D:4)
  7 rats
107 creatures vanquished.

Notes
Turn   | Place    | Note
-------+----------+-------------------------------------------
     0 | D:1      | zhar the Vampire Necromancer began the quest for the Orb.
     0 | D:1      | Reached XP level 1. HP: 13/13 MP: 3/3
   306 | D:1      | Reached XP level 2. HP: 19/19 MP: 3/5
   679 | D:1      | Reached skill level 4 in Stealth
  1306 | D:1      | Reached XP level 3. HP: 16/24 MP: 3/6
  2478 | D:2      | Reached skill level 5 in Stealth
  2771 | D:2      | Found a glowing golden altar of the Shining One.
  2849 | D:2      | Noticed a dagger
  2850 | D:2      | Noticed a hand axe
  3215 | D:2      | Found a hide-covered altar of Uskayaw.
  3440 | D:3      | Reached skill level 6 in Stealth
  3440 | D:3      | Reached XP level 4. HP: 30/30 MP: 5/7
  3443 | D:3      | Noticed kraktruk's ghost (amateur DECj)
  3733 | D:3      | Found a radiant altar of Vehumet.
  4558 | D:3      | Found an ancient bone altar of Kikubaaqudgha.
  4563 | D:3      | Became a worshipper of Kikubaaqudgha
  4647 | D:4      | Reached skill level 1 in Short Blades
  4647 | D:4      | Reached skill level 7 in Stealth
  4647 | D:4      | Reached XP level 5. HP: 12/35 MP: 0/8
  5230 | D:4      | Found a hazy altar of Hepliaklqana.
  5820 | D:4      | Reached skill level 8 in Stealth
  6044 | D:4      | Noticed an ogre
  7364 | D:4      | Noticed Robin
  7502 | D:4      | Reached * piety under Kikubaaqudgha
  7502 | D:4      | Identified Kikubaaqudgha's Compendium of Black Magic (Kikubaaqudgha gifted it to you on level 4 of the Dungeon)
  7502 | D:4      | Received a gift from Kikubaaqudgha
  7644 | D:4      | Killed Robin
  7844 | D:4      | Got a pitted spear
  7897 | D:4      | Noticed a phantom
  8329 | D:5      | Entered Level 5 of the Dungeon
  8356 | D:5      | Found Guoteschoq's General Store.
  8391 | D:5      | Found a basalt altar of Yredelemnul.
  8418 | D:5      | Found a staircase to the Ecumenical Temple.
  8430 | D:5      | Noticed Blork the orc
  8844 | D:4      | Reached XP level 6. HP: 9/41 MP: 3/9
  9398 | D:5      | Noticed an ice beast
  9691 | D:5      | Killed an ice beast
  9882 | D:5      | Slain by a worker ant

Skill      XL: |  1  2  3  4  5  6 |
---------------+-------------------+-----
Stealth        | 4 6 7 8 |  8.0
Dodging        | 3 |  3.1
Short Blades   | 1 3 4 |  4.7
Spellcasting   | |  2.0
Necromancy     | |  4.3

Action                   |  1- 3 |  4- 6 || total
-------------------------+-------+-------++-------
Melee: Unarmed           |    11 |       ||    11
       Bite              |     6 |     6 ||    12
       Dagger            |    36 |    69 ||   105
 Cast: Pain              |    72 |   106 ||   178
 Abil: End Transformatio |     1 |    22 ||    23
       Bat Form          |     1 |    22 ||    23
  Use: Potion            |     5 |    14 ||    19
       Scroll            |       |     4 ||     4
 Stab: Sleeping          |     8 |    12 ||    20
Armor: Robe              |     6 |     8 ||    14
Dodge: Dodged            |    30 |    76 ||   106
